 Dungeon Crawl Stone Soup version 0.29-a0-582-ge82337ba6a (webtiles) character file.

Game seed: 14317650721020514148

121 frogsbabysitter the Vandal (level 4, 0/23 HPs)
             Began as a Spriggan Hunter on June 14, 2022.
             Slain by an adder (2 damage)
             ... on level 2 of the Dungeon.
             The game lasted 00:08:11 (1954 turns).

frogsbabysitter the Vandal (Spriggan Hunter)        Turns: 1954, Time: 00:08:12

Health: 0/23       AC:  2    Str:  9    XL:     4   Next: 77%
Magic:  5/5        EV: 18    Int: 10    God:
Gold:   95         SH:  0    Dex: 18    Spells: 3/3 levels left

rFire   . . .      SeeInvis +   a - +1 hunting sling
rCold   . . .      Faith    .   (no shield)
rNeg    . . .      Spirit   .   b - +0 robe
rPois   .          Reflect  .   (helmet restricted)
rElec   .          Harm     .   (no cloak)
rCorr   .          Rampage  .   (gloves unavailable)
Will    .....                   (boots unavailable)
Stlth   +++.......              (no amulet)
HPRegen 0.07/turn               m - ring of wizardry
MPRegen 0.09/turn               (no ring)

@: very quick
A: very small, no large weapons, unfitting armour, see invisible, speed 3
a: no special abilities


You were on level 2 of the Dungeon.
You visited 1 branch of the dungeon, and saw 4 of its levels.

You collected 95 gold pieces.

Inventory:

Hand Weapons
 a - a +1 hunting sling (weapon)
 d - a +0 rapier
 r - a +4 dagger of draining
Missiles
 n - 3 datura-tipped darts
Armour
 b - a +0 robe (worn)
Jewellery
 m - a ring of wizardry (left hand)
Scrolls
 c - 2 scrolls of immolation
 e - a scroll of brand weapon {unknown}
 f - 3 scrolls of magic mapping {unknown}
 h - 2 scrolls of torment {unknown}
 k - a scroll of enchant weapon {unknown}
 l - a scroll of fog {unknown}
 q - a scroll of identify {unknown}
Potions
 g - 2 potions of mutation {unknown}
 i - 3 potions of heal wounds {unknown}
 j - 2 potions of cancellation {unknown}
 o - a potion of might {unknown}
 p - 2 potions of curing {unknown}


   Skills:
 + Level 2.4 Fighting
 * Level 6.1 Slings
 - Level 3.0 Dodging
 + Level 3.8 Stealth


You had 3 spell levels left.
You didn't know any spells.
Your spell library contained the following spells:

 Spells                   Type           Power      Damage    Failure   Level
 Apportation              Tloc           0%         N/A       16%         1
 Necrotize                Necr           0%         1d4       16%         1
 Sandblast                Erth           0%         2d4       16%         1
 Summon Small Mammal      Summ           0%         N/A       16%         1
 Passwall                 Tmut/Erth      0%         N/A       22%         2
 Sublimation of Blood     Necr           0%         N/A       22%         2
 Wereblood                Tmut           0%         N/A       22%         2
 Ignite Poison            Fire/Tmut/Pois 0%         N/A       41%         3
 Mephitic Cloud           Conj/Pois/Air  0%         N/A       41%         3
 Stone Arrow              Conj/Erth      0%         3d7       41%         3
 Freezing Cloud           Conj/Ice/Air   0%         6-21      98%         5
 Summon Hydra             Summ           0%         N/A       100%        7


Dungeon Overview and Level Annotations

Branches:
Dungeon (4/15)
 Temple: D:4-7

Altars:
Hepliaklqana

Annotations:
D:2 Terence
D:3 Grinder
D:4 Menkaure


Innate Abilities, Weirdness & Mutations

You are very small and have problems with some larger weapons.
You are too small for most types of armour.
You have supernaturally acute eyesight. (SInv)
You cover ground extremely quickly. (Speed+++)


Message History

You are more poisoned.
The adder poisons you!
Fire: a) +1 hunting sling
Press: ? - help, Q - select action, (/) - cycle Shift-Dir - straight line, f/p - adder
Aim: an adder (heavily wounded, 48% to hit)
You shoot a sling bullet. The sling bullet hits the adder!
You kill the adder!
You feel very sick. The goblin misses you.
You feel sick.
You feel sick.
You see here 2 poisoned darts.
You feel sick.
You feel sick.
You feel sick.
You feel sick.
A worm comes into view.
You feel sick.
You feel sick.
You feel sick.
You are no longer poisoned.
Found a chain mail.
Found a metallic inky potion.
You see here a +0 chain mail.
Found a scroll labelled VURHUH WICROKH.
p - 2 metallic inky potions (gained 1)
An adder comes into view.
The adder hisses angrily.
A kobold comes into view. It is wielding a +0 club.
The kobold shouts!
The adder bites you.
* * * LOW HITPOINT WARNING * * *
The adder closely misses you. The worm bites you.
* * * LOW HITPOINT WARNING * * *
Unknown command.
Unknown command.
The adder closely misses you.
Unknown command.
The adder bites you.
You die...

#### ..# #.#
###.########
#......@w@.# #
#.#..##[##S#
#.##....##.##K#####.#
#....#..##.......?...
####....#####.#####.#
##@#.......#
#.######### #.# #.#


You could see Terence, a worm, an adder and a kobold.

Vanquished Creatures
  An orc priest (D:4)
  3 adders
  3 worms
  12 orcs
  2 ball pythons (D:1)
  A bat (D:1)
  3 giant cockroaches
  2 goblins (D:4)
  4 hobgoblins
  2 quokkas (D:4)
  3 frilled lizards
  5 kobolds
  3 rats
44 creatures vanquished.

Notes
Turn   | Place    | Note
-------+----------+-------------------------------------------
     0 | D:1      | frogsbabysitter the Spriggan Hunter began the quest for the
                  | Orb.
     0 | D:1      | Reached XP level 1. HP: 10/10 MP: 2/2
   512 | D:1      | Reached skill level 5 in Slings
   540 | D:1      | Reached XP level 2. HP: 15/15 MP: 3/3
   703 | D:2      | You fall into a shaft and drop 2 floors!
   897 | D:4      | Reached XP level 3. HP: 18/18 MP: 4/4
  1317 | D:4      | Reached XP level 4. HP: 16/23 MP: 5/5
  1411 | D:4      | Noticed Menkaure
  1536 | D:3      | Reached skill level 6 in Slings
  1710 | D:3      | Found a hazy altar of Hepliaklqana.
  1732 | D:3      | Noticed Grinder
  1878 | D:2      | Noticed Terence
  1952 | D:2      | HP: 1/23 [worm (4)]
  1954 | D:2      | Slain by an adder

Illustrated notes

Levels and vault maps discovered:
D:1:      heliophobic_arrival_enchanted_forest, layout_loops_cross
D:2:      layout_loops_cross, minmay_stone_trees_small,
          corexii_item_surrounded_by_moat, wad_floor_pattern_untrapped,
          uniq_terence, uniq_natasha
D:3:      minmay_angry_zag, layout_basic, general_overflow_altar,
          nicolae_gozag_seed_capital,
          dreamdust_ecumenical_altar_hidden_monk_grotto, uniq_jessica,
          uniq_grinder, uniq_crazy_yiuf_cottage
D:4:      layout_basic, lemuel_coloured_pillars_altar, uniq_menkaure

Skill      XL: |  1  2  3  4 |
---------------+-------------+-----
Stealth        | 2 3 |  3.8
Slings         | 5 6 |  6.1
Dodging        | 3 |  3.0
Fighting       | 2 |  2.4

Action                   |  1- 3 |  4- 6 || total
-------------------------+-------+-------++-------
 Fire: Hunting sling     |    87 |    80 ||   167
Armor: Robe              |     2 |       ||     2
Dodge: Dodged            |     8 |    12 ||    20

Table legend: (Time is in decaauts)
 A = Elapsed time spent in this place.
 B = Non-inter-level travel time spent in this place.
 C = Inter-level travel time spent in this place.
 D = Time resting spent in this place.
 E = Time spent auto-exploring this place.
 F = Levels seen in this place.
 G = Mean time per level.
                   A        B        C        D        E       F      G
               +--------+--------+--------+--------+--------+-----+--------+
         Total |   1368 |   1320 |     48 |    145 |    468 |   4 |  342.0 |
       Dungeon |   1368 |   1320 |     48 |    145 |    468 |   4 |  342.0 |
               +--------+--------+--------+--------+--------+-----+--------+

Top non-repeatable levels by time:
     D:4: 564 daAuts
     D:1: 427 daAuts
     D:3: 224 daAuts
     D:2: 151 daAuts
